 Dungeon Crawl Stone Soup version 0.20.0-8-g6b59dc7 (webtiles) character file.

44 GeneralBison the Ducker (level 3, -1/29 HPs)
             Began as a Demonspawn Monk on May 31, 2017.
             Slain by a gnoll
             ... wielding a +0 spear
              (6 damage)
             ... on level 2 of the Dungeon.
             The game lasted 00:06:25 (1542 turns).

GeneralBison the Ducker (Demonspawn Monk)           Turns: 1542, Time: 00:06:26

Health: -1/29      AC:  3    Str: 12    XL:     3   Next: 39%
Magic:  3/3        EV: 13    Int: 11    God:
Gold:   36         SH:  0    Dex: 15    Spells: 2/2 levels left

rFire    . . .     SeeInvis .     - Unarmed
rCold    . . .     Gourm    .   (no shield)
rNeg     . . .     Faith    .   a - +0 robe
rPois    .         Spirit   .   (no helmet)
rElec    .         Reflect  .   (no cloak)
rCorr    .         Harm     .   n - +0 pair of gloves
MR       .....                  (no boots)
Stlth    +++.......             (no amulet)
Regen    0.1/turn               (no ring)
MPRegen  0.1/turn               (no ring)

@: no status effects
A: nightstalker 1
a: no special abilities


You were on level 2 of the Dungeon.
You were not hungry.

You visited 1 branch of the dungeon, and saw 2 of its levels.

You collected 36 gold pieces.

Inventory:

Hand Weapons
 c - a +0 mace
 d - a +0 dagger
 e - a +0 short sword
 g - a +0 club
 h - a +0 whip
 j - a cursed -2 short sword
 k - a cursed -2 club
 u - a +0 club
 x - a +0 club
Missiles
 i - 3 stones (quivered)
Armour
 a - a +0 robe (worn)
 n - a +0 pair of gloves (worn)
 q - a +0 leather armour
 r - a +0 chain mail
Scrolls
 m - 2 scrolls of immolation {unknown}
 p - a scroll of enchant armour {unknown}
 s - a scroll of identify {unknown}
 y - a scroll of amnesia {unknown}
 z - a scroll of enchant weapon {unknown}
Potions
 f - 2 potions of brilliance {unknown}
 o - a potion of magic {unknown}
 t - a potion of invisibility {unknown}
 w - a potion of heal wounds {unknown}
Comestibles
 b - 3 bread rations
 l - a meat ration


   Skills:
 + Level 3.2 Fighting
 + Level 3.3 Dodging
 + Level 2.1 Stealth
 + Level 3.2 Unarmed Combat


You had 2 spell levels left.
You didn't know any spells.

Dungeon Overview and Level Annotations

Branches:
Dungeon (2/15)

Altars:
Cheibriados


Innate Abilities, Weirdness & Mutations

You are slightly more attuned to the shadows.


Message History

Aim: a gnoll, wielding a spear You throw a stone.
The stone barely misses the gnoll.
The kobold throws a stone.
The stone hits you but does no damage. The gnoll misses you.
The kobold throws a stone.
The stone hits you but does no damage.
The gnoll hits you from afar with a spear.
The kobold throws a stone.
The stone hits you but does no damage. The gnoll hits you with a spear.
* * * LOW HITPOINT WARNING * * *
The kobold misses you. The gnoll closely misses you.
The kobold hits you but does no damage.
You hit the kobold.
You kill the kobold!
The gnoll hits you with a spear.
* * * LOW HITPOINT WARNING * * *
The gnoll barely misses you.
You see here 3 stones.
i - 3 stones The gnoll hits you from afar with a spear.
You die...

...##############################
...'.........................>†..
...####################..########
...# #########.# ...# #....†....#
...# #..#.###### ...# #.####$(#
...# #..# ..?# #@###..##
#.#.....# #)g.#.#.# #######


You could see a gnoll.

Vanquished Creatures
  An adder (D:2)
  A worm (D:2)
  A dart slug (D:1)
  A ball python (D:1)
  A giant cockroach (D:1)
  5 hobgoblins
  6 bats
  A frilled lizard (D:1)
  A goblin (D:1)
  9 kobolds
  6 rats
33 creatures vanquished.

Notes
Turn   | Place    | Note
-------+----------+-------------------------------------------
     0 | D:1      | GeneralBison the Demonspawn Monk began the quest for the Orb.
     0 | D:1      | Reached XP level 1. HP: 18/18 MP: 1/1
   124 | D:1      | Found a snail-covered altar of Cheibriados.
   567 | D:1      | Gained mutation: You are slightly more attuned to the shadows. [demonic ancestry]
   567 | D:1      | Reached XP level 2. HP: 24/24 MP: 2/2
  1146 | D:2      | Reached XP level 3. HP: 23/29 MP: 3/3
  1542 | D:2      | Slain by a gnoll

Skill      XL: |  1  2  3 |
---------------+----------+-----
Dodging        | 3 |  3.3
Unarmed Combat | 3 |  3.2
Stealth        | 2 |  2.1
Fighting       | |  3.2

Action                   || total
-------------------------++-------
Melee: Unarmed           ||   144
       Punch             ||     1
Throw: Stone             ||     2
  Use: Potion            ||     1
 Stab: Sleeping          ||     7
  Eat: Meat ration       ||     1
Armor: Robe              ||    48
Dodge: Dodged            ||   112
